Pick #1

Connor Bedard
Pick #2

Leo Carlsson
Pick #3

Adam Fantilli
Pick #4

Matvei Michkov
Pick #5

David Reinbacher
Pick #6

William Smith
Pick #7

Zachary Benson
Pick #8

Ryan Leonard
Pick #9

Gabriel Perreault
Pick #10

Axel Sandin-Pellika
Pick #11

Daniil But
Pick #12

Dalibor Dvorsky
Pick #13

Quentin Musty
Pick #14

Brayden Yager
Pick #15

Dmitry Simashev
Pick #16

Colby Barlow
Pick #17

Andrew Cristall
Pick #18

Easton Cowan
Pick #19

Jacob Fowler
Pick #20

Oliver Moore
Pick #21

Oliver Bonk
Pick #22

Tom Willander
Pick #23

Calum Ritchie
Pick #24

Tanner Molendyk
Pick #25

Gavin Brindley
Pick #26

Nate Danielson
Pick #27

Pick #28

Pick #29

Pick #30

Pick #31

Pick #32

Pick #33

Pick #34

Pick #35

Pick #36

Pick #37

Pick #38

Pick #39

Pick #40

Pick #41

Pick #42

Pick #43

Pick #44

Pick #45

Pick #46

Pick #47

Pick #48

Pick #49

Pick #50

Pick #51

Pick #52

Pick #53

Pick #54

Pick #55

Pick #56

Pick #57

Pick #58

Pick #59

Pick #60

Pick #61

Pick #62

Pick #63

Pick #64

Pick #65

Pick #66

Pick #67

Pick #68

Pick #69

Pick #70

Pick #71

Pick #72

Pick #73

Pick #74

Pick #75

Pick #76

Pick #77

Pick #78

Pick #79

Pick #80

Pick #81

Pick #82

Pick #83

Pick #84

Pick #85

Pick #86

Pick #87

Pick #88

Pick #89

Pick #90

Pick #91

Pick #92

Pick #93

Pick #94

Pick #95

Pick #96

Pick #97

Pick #98

Pick #99

Pick #100

Pick #101

Pick #102

Pick #103

Pick #104

Pick #105

Pick #106

Pick #107

Pick #108

Pick #109

Pick #110

Pick #111

Pick #112

Pick #113

Pick #114

Pick #115

Pick #116

Pick #117

Pick #118

Pick #119

Pick #120

Pick #121

Pick #122

Pick #123

Pick #124

Pick #125

Pick #126

Pick #127

Pick #128

Pick #129

Pick #130

Full Scoreboard »»

Panthers vs MapleLeafs

Created - October 12, 2023 at 22:35

Goals
1 2 3 T
Panthers 1 2 2 5
MapleLeafs 1 1 0 2
Shots
1 2 3 T
Panthers 12 11 10 33
MapleLeafs 9 7 8 24

GoalsPenalties
1st period
1. Panthers , Aleksander Barkov 3 (Charlie McAvoy 2) at 1:42 (PP)
2. MapleLeafs , Filip Chytil 1 (Evgeny Kuznetsov 2, Anthony Duclair 1) at 6:45
Rasmus Sandin (TOR) for Roughing (Minor) at 0:21
Andrei Svechnikov (FLA) for Interference (Minor) at 14:19
2nd period
3. MapleLeafs , Jonathan Huberdeau 1 (Alexander Wennberg 1, Nicolas Hague 1) at 11:00
4. Panthers , Roope Hintz 1 (Owen Power 1) at 12:50
5. Panthers , Jack Hughes 1 (Quinn Hughes 1, Roope Hintz 1) at 14:07
Jake Sanderson (FLA) for Slashing (Minor) at 8:27
Jake Sanderson (FLA) for Roughing (Minor) at 15:04
3rd period
6. Panthers , Jack Hughes 2 (Roope Hintz 2, Jake Sanderson 1) at 8:44
7. Panthers , Jamie Benn 2 (Emil Bemstrom 1, Jake Sanderson 2) at 19:50
Robby Fabbri (FLA) for Roughing (Minor) at 15:40
Goalie Stats
Alexandar Georgiev (FLA), 22 saves from 24 shots - (0.917), W, 2-0-0, 60:00 minutes
Jordan Binnington (TOR), 28 saves from 33 shots - (0.848), L, 1-1-0, 60:00 minutes
3 StarsOfficial
1 - Jack Hughes (FLA)
2 - Roope Hintz (FLA)
3 - Charlie McAvoy (FLA)
Referees : Tim Mayer and Trevor Hanson
Linesman : Justin Cornell and Jesse Marquis
Game Note
No Game Note
Finance
Level 1 -- Attendance: 6215 (95.62%) -- Ticket Income $683,650
Level 2 -- Attendance: 4982 (99.64%) -- Ticket Income $448,380
Level 3 -- Attendance: 3271 (93.46%) -- Ticket Income $228,970
Level 4 -- Attendance: 2703 (95.89%) -- Ticket Income $108,120
Luxury Box -- Attendance: 1000 (100.00%) -- Ticket Income $190,000
Game was played at the Air Canada Center.
Total Attendance: 18171 (96.56%)
Total Ticket Income: $1,659,120
Other Income: $414,780
Total Income: $2,073,900



Team Name Goals Shots Shots Attemp Shots Blocked PIM HIT PP PK FO%
Panthers 5335938241 / 1 (100%)051%
MapleLeafs 2244632240 / 4 (0%)149%

Panthers
Player Name POS G A P +/- PIM HIT SHT SB MP PP MP PP SHT PK MP PK SHT FO% FOT
Aleksander BarkovC101-1005022:020:5810:00052% 25
Alexandre CarrierD000-1020014:380:0000:2200% 0
Andrei SvechnikovRW000-1242022:010:5800:0000% 2
Brady TkachukLW0003023015:400:2300:0300% 1
Charlie McAvoyD0111063124:280:5834:2700% 0
Emil BemstromRW011000009:270:0000:000100% 1
Frederick GaudreauC000000207:130:0002:15063% 8
Jack HughesC2023005015:370:2300:00050% 2
Jake SandersonD0222431119:450:2302:0000% 0
Jamie BennLW1010013011:420:0002:1500% 0
Matthew TkachukLW000-1011022:020:5800:00050% 4
Michael McLeodC0000030010:230:0005:25050% 2
Mikael BacklundC0000001014:310:0005:04055% 20
Oliver Ekman-LarssonD000-1010015:230:0001:0700% 0
Owen PowerD0112011021:420:2313:5500% 0
Quinn HughesD0111000124:020:5804:0100% 0
Robby FabbriC000020104:570:0000:0000% 0
Roope HintzC1233005016:270:2310:50046% 24
MapleLeafs
Player Name POS G A P +/- PIM HIT SHT SB MP PP MP PP SHT PK MP PK SHT FO% FOT
Alexander WennbergC011-2002020:054:2810:34050% 30
Anthony DuclairLW0110030017:243:2200:0000% 0
Conor ShearyLW0000020014:280:0600:470100% 1
Dylan DeMeloD000-1020018:110:0000:4100% 0
Erik CernakD000-1050118:100:0000:4000% 0
Evgeny KuznetsovC0110023017:583:2200:34063% 24
Filip ChytilC1010001014:020:0000:0000% 0
Jake GuentzelLW000-2032019:314:2800:0000% 2
John MarinoD000-2010017:180:0600:4000% 0
Jonathan HuberdeauC101-2004019:314:2810:0000% 1
Kasperi KapanenRW0000012016:514:2500:0000% 0
Nicolas HagueD0111010017:220:0000:4100% 0
Noel AcciariC0000012010:050:0600:47050% 16
Rasmus SandinD000-2220120:564:2500:0000% 0
Sean MonahanC0000015015:573:3110:00033% 15
Sonny MilanoLW000000009:120:0000:0000% 0
Yegor ChinakhovRW0000002011:253:2200:0000% 0
Zach WhitecloudD0001001120:123:3100:0000% 0



Play-by-Play

1st period


0:01 of 1st period - Alexander Wennberg wins face-off versus Andrei Svechnikov in neutral zone.
0:04 of 1st period - Shot by Jake Guentzel.
0:04 of 1st period - Shot Blocked by Charlie McAvoy.
0:20 of 1st period - Shot by Aleksander Barkov.
0:20 of 1st period - Deflect By Matthew Tkachuk.
0:20 of 1st period - Shot Misses the Net.
0:21 of 1st period - Minor Penalty to Rasmus Sandin for Roughing.
0:22 of 1st period - Jack Hughes wins face-off versus Noel Acciari in MapleLeafs zone.
0:22 of 1st period - Jack Hughes is hit by Dylan DeMelo.
0:26 of 1st period - Shot by Roope Hintz.
0:26 of 1st period - Stopped by Jordan Binnington without a rebound.
0:27 of 1st period - Matthew Tkachuk wins face-off versus Noel Acciari in MapleLeafs zone.
0:32 of 1st period - Shot by Charlie McAvoy.
0:32 of 1st period - Stopped by Jordan Binnington without a rebound.
0:33 of 1st period - Matthew Tkachuk wins face-off versus Alexander Wennberg in MapleLeafs zone.
0:36 of 1st period - Shot by Charlie McAvoy.
0:36 of 1st period - Stopped by Jordan Binnington without a rebound.
0:37 of 1st period - Noel Acciari wins face-off versus Aleksander Barkov in MapleLeafs zone.
1:10 of 1st period - Shot by Charlie McAvoy.
1:10 of 1st period - Stopped by Jordan Binnington without a rebound.
1:11 of 1st period - Roope Hintz wins face-off versus Noel Acciari in MapleLeafs zone.
1:26 of 1st period - Shot by Brady Tkachuk.
1:26 of 1st period - Shot Misses the Net.
1:28 of 1st period - Shot by Owen Power.
1:28 of 1st period - Stopped by Jordan Binnington without a rebound.
1:29 of 1st period - Noel Acciari wins face-off versus Aleksander Barkov in MapleLeafs zone.
1:42 of 1st period - Shot by Aleksander Barkov.
1:42 of 1st period - Goal by Aleksander Barkov - Panthers : 1 - MapleLeafs : 0.
1:43 of 1st period - Roope Hintz wins face-off versus Evgeny Kuznetsov in neutral zone.
1:43 of 1st period - Roope Hintz is hit by Evgeny Kuznetsov.
2:32 of 1st period - Owen Power is hit by Anthony Duclair and loses puck.
2:47 of 1st period - Icing by Dylan DeMelo.
2:48 of 1st period - Aleksander Barkov wins face-off versus Sean Monahan in MapleLeafs zone.
2:48 of 1st period - Aleksander Barkov is hit by Erik Cernak.
3:32 of 1st period - Matthew Tkachuk is hit by Erik Cernak and loses puck.
3:55 of 1st period - Icing by John Marino.
3:56 of 1st period - Frederick Gaudreau wins face-off versus Alexander Wennberg in MapleLeafs zone.
4:13 of 1st period - Shot by Jonathan Huberdeau.
4:13 of 1st period - Stopped by Alexandar Georgiev without a rebound.
4:14 of 1st period - Noel Acciari wins face-off versus Mikael Backlund in Panthers zone.
4:18 of 1st period - Yegor Chinakhov is hit by Jake Sanderson and loses puck.
4:27 of 1st period - Shot by Sonny Milano.
4:27 of 1st period - Shot Misses the Net.
4:37 of 1st period - Shot by Yegor Chinakhov.
4:37 of 1st period - Shot Misses the Net.
4:39 of 1st period - Shot by Noel Acciari.
4:39 of 1st period - Stopped by Alexandar Georgiev without a rebound.
4:40 of 1st period - Aleksander Barkov wins face-off versus Alexander Wennberg in Panthers zone.
6:17 of 1st period - Shot by Sonny Milano.
6:17 of 1st period - Deflect By Noel Acciari.
6:17 of 1st period - Stopped by Alexandar Georgiev with a rebound.
6:21 of 1st period - Shot by Yegor Chinakhov.
6:21 of 1st period - Stopped by Alexandar Georgiev without a rebound.
6:22 of 1st period - Evgeny Kuznetsov wins face-off versus Mikael Backlund in Panthers zone.
6:25 of 1st period - Shot by Filip Chytil.
6:25 of 1st period - Deflect By Evgeny Kuznetsov.
6:25 of 1st period - Shot Misses the Net.
6:27 of 1st period - Shot by Filip Chytil.
6:27 of 1st period - Shot Misses the Net.
6:43 of 1st period - Shot by Evgeny Kuznetsov.
6:43 of 1st period - Stopped by Alexandar Georgiev with a rebound.
6:45 of 1st period - Shot by Filip Chytil.
6:45 of 1st period - Goal by Filip Chytil - Panthers : 1 - MapleLeafs : 1.
6:46 of 1st period - Sean Monahan wins face-off versus Frederick Gaudreau in neutral zone.
6:59 of 1st period - Shot by Michael McLeod.
6:59 of 1st period - Shot Misses the Net.
7:13 of 1st period - Shot by Robby Fabbri.
7:13 of 1st period - Stopped by Jordan Binnington without a rebound.
7:14 of 1st period - Aleksander Barkov wins face-off versus Evgeny Kuznetsov in MapleLeafs zone.
7:25 of 1st period - Owen Power is hit by Anthony Duclair.
8:16 of 1st period - Charlie McAvoy is hit by Rasmus Sandin and loses puck.
8:36 of 1st period - Jack Hughes is hit by Rasmus Sandin.
9:04 of 1st period - Alexandre Carrier is hit by John Marino and loses puck.
9:51 of 1st period - Shot by Sean Monahan.
9:51 of 1st period - Deflect By Kasperi Kapanen.
9:51 of 1st period - Shot Misses the Net.
9:53 of 1st period - Shot by Sean Monahan.
9:53 of 1st period - Stopped by Alexandar Georgiev with a rebound.
10:16 of 1st period - Icing by Erik Cernak.
10:17 of 1st period - Aleksander Barkov wins face-off versus Sean Monahan in MapleLeafs zone.
10:37 of 1st period - Icing by Jake Sanderson.
10:38 of 1st period - Aleksander Barkov wins face-off versus Noel Acciari in Panthers zone.
11:12 of 1st period - Shot by Aleksander Barkov.
11:12 of 1st period - Stopped by Jordan Binnington without a rebound.
11:13 of 1st period - Evgeny Kuznetsov wins face-off versus Roope Hintz in MapleLeafs zone.
11:17 of 1st period - Off-side.
11:18 of 1st period - Roope Hintz wins face-off versus Evgeny Kuznetsov in neutral zone.
11:51 of 1st period - Icing by Charlie McAvoy.
11:52 of 1st period - Noel Acciari wins face-off versus Roope Hintz in Panthers zone.
11:55 of 1st period - Shot by Sonny Milano.
11:55 of 1st period - Shot Misses the Net.
11:58 of 1st period - Icing by Quinn Hughes.
11:59 of 1st period - Alexander Wennberg wins face-off versus Roope Hintz in Panthers zone.
12:12 of 1st period - Shot by Jack Hughes.
12:12 of 1st period - Shot Misses the Net.
12:14 of 1st period - Shot by Charlie McAvoy.
12:14 of 1st period - Shot Misses the Net.
12:49 of 1st period - Icing by Zach Whitecloud.
12:50 of 1st period - Alexander Wennberg wins face-off versus Frederick Gaudreau in MapleLeafs zone.
13:03 of 1st period - Shot by Sean Monahan.
13:03 of 1st period - Stopped by Alexandar Georgiev with a rebound.
13:15 of 1st period - Shot by Frederick Gaudreau.
13:15 of 1st period - Stopped by Jordan Binnington without a rebound.
13:16 of 1st period - Evgeny Kuznetsov wins face-off versus Aleksander Barkov in MapleLeafs zone.
13:27 of 1st period - Shot by Andrei Svechnikov.
13:27 of 1st period - Stopped by Jordan Binnington without a rebound.
13:28 of 1st period - Mikael Backlund wins face-off versus Noel Acciari in MapleLeafs zone.
13:31 of 1st period - Shot by Jamie Benn.
13:31 of 1st period - Shot Misses the Net.
14:14 of 1st period - Icing by Dylan DeMelo.
14:15 of 1st period - Aleksander Barkov wins face-off versus Noel Acciari in MapleLeafs zone.
14:19 of 1st period - Minor Penalty to Andrei Svechnikov for Interference.
14:20 of 1st period - Alexander Wennberg wins face-off versus Mikael Backlund in Panthers zone.
14:20 of 1st period - Alexander Wennberg is hit by Jake Sanderson.
14:29 of 1st period - Icing by Rasmus Sandin.
14:30 of 1st period - Alexander Wennberg wins face-off versus Michael McLeod in MapleLeafs zone.
15:10 of 1st period - Icing by Jonathan Huberdeau.
15:11 of 1st period - Frederick Gaudreau wins face-off versus Alexander Wennberg in MapleLeafs zone.
15:15 of 1st period - Icing by Alexander Wennberg.
15:16 of 1st period - Alexander Wennberg wins face-off versus Mikael Backlund in MapleLeafs zone.
15:50 of 1st period - Icing by Anthony Duclair.
15:51 of 1st period - Michael McLeod wins face-off versus Evgeny Kuznetsov in MapleLeafs zone.
16:32 of 1st period - Shot by Yegor Chinakhov.
16:32 of 1st period - Stopped by Alexandar Georgiev without a rebound.
16:33 of 1st period - Roope Hintz wins face-off versus Alexander Wennberg in Panthers zone.
17:07 of 1st period - Shot by Brady Tkachuk.
17:07 of 1st period - Stopped by Jordan Binnington without a rebound.
17:08 of 1st period - Evgeny Kuznetsov wins face-off versus Aleksander Barkov in MapleLeafs zone.
17:08 of 1st period - Evgeny Kuznetsov is hit by Andrei Svechnikov.
17:48 of 1st period - Shot by Aleksander Barkov.
17:48 of 1st period - Shot Misses the Net.
17:55 of 1st period - Filip Chytil is hit by Matthew Tkachuk and loses puck.
19:26 of 1st period - Shot by Frederick Gaudreau.
19:26 of 1st period - Stopped by Jordan Binnington with a rebound.
19:28 of 1st period - Shot by Robby Fabbri.
19:28 of 1st period - Shot Misses the Net.
19:52 of 1st period - Shot by Jonathan Huberdeau.
19:52 of 1st period - Shot Misses the Net.
Goals for this period are 1 for Panthers vs 1 for MapleLeafs.
Shots for this period are 12 for Panthers vs 9 for MapleLeafs.

2nd period


0:01 of 2nd period - Sean Monahan wins face-off versus Aleksander Barkov in neutral zone.
0:04 of 2nd period - Aleksander Barkov is hit by Kasperi Kapanen.
0:11 of 2nd period - Conor Sheary is hit by Jake Sanderson and loses puck.
0:26 of 2nd period - Shot by Sean Monahan.
0:26 of 2nd period - Stopped by Alexandar Georgiev without a rebound.
0:27 of 2nd period - Evgeny Kuznetsov wins face-off versus Roope Hintz in Panthers zone.
0:52 of 2nd period - Icing by Dylan DeMelo.
0:53 of 2nd period - Aleksander Barkov wins face-off versus Evgeny Kuznetsov in MapleLeafs zone.
0:54 of 2nd period - Shot by Matthew Tkachuk.
0:54 of 2nd period - Shot Misses the Net.
0:56 of 2nd period - Shot by Matthew Tkachuk.
0:56 of 2nd period - Shot Misses the Net.
0:58 of 2nd period - Shot by Andrei Svechnikov.
0:58 of 2nd period - Shot Misses the Net.
1:00 of 2nd period - Shot by Jake Sanderson.
1:00 of 2nd period - Shot Misses the Net.
1:24 of 2nd period - Aleksander Barkov is hit by Dylan DeMelo and loses puck.
1:35 of 2nd period - Shot by Aleksander Barkov.
1:35 of 2nd period - Shot Misses the Net.
1:37 of 2nd period - Shot by Aleksander Barkov.
1:37 of 2nd period - Stopped by Jordan Binnington without a rebound.
1:38 of 2nd period - Emil Bemstrom wins face-off versus Sean Monahan in MapleLeafs zone.
2:00 of 2nd period - Conor Sheary is hit by Charlie McAvoy and loses puck.
2:03 of 2nd period - Shot by Zach Whitecloud.
2:03 of 2nd period - Stopped by Alexandar Georgiev without a rebound.
2:04 of 2nd period - Alexander Wennberg wins face-off versus Brady Tkachuk in Panthers zone.
2:23 of 2nd period - Alexander Wennberg is hit by Alexandre Carrier and loses puck.
2:29 of 2nd period - Alexander Wennberg is hit by Oliver Ekman-Larsson and loses puck.
2:46 of 2nd period - Alexandre Carrier is hit by Jake Guentzel and loses puck.
3:45 of 2nd period - Quinn Hughes is hit by Noel Acciari.
4:15 of 2nd period - Shot by Jamie Benn.
4:15 of 2nd period - Stopped by Jordan Binnington without a rebound.
4:16 of 2nd period - Mikael Backlund wins face-off versus Evgeny Kuznetsov in MapleLeafs zone.
4:33 of 2nd period - Shot by Mikael Backlund.
4:33 of 2nd period - Shot Misses the Net.
4:53 of 2nd period - Shot by Mikael Backlund.
4:53 of 2nd period - Shot Misses the Net.
6:45 of 2nd period - Shot by Aleksander Barkov.
6:45 of 2nd period - Stopped by Jordan Binnington with a rebound.
7:17 of 2nd period - Shot by Jack Hughes.
7:17 of 2nd period - Stopped by Jordan Binnington without a rebound.
7:18 of 2nd period - Noel Acciari wins face-off versus Mikael Backlund in MapleLeafs zone.
7:53 of 2nd period - Rasmus Sandin is hit by Jamie Benn and loses puck.
8:27 of 2nd period - Minor Penalty to Jake Sanderson for Slashing.
8:28 of 2nd period - Alexander Wennberg wins face-off versus Roope Hintz in Panthers zone.
8:49 of 2nd period - Shot by Jonathan Huberdeau.
8:49 of 2nd period - Stopped by Alexandar Georgiev without a rebound.
8:50 of 2nd period - Mikael Backlund wins face-off versus Evgeny Kuznetsov in Panthers zone.
9:25 of 2nd period - Shot by Kasperi Kapanen.
9:25 of 2nd period - Shot Misses the Net.
10:03 of 2nd period - Shot by Sean Monahan.
10:03 of 2nd period - Stopped by Alexandar Georgiev without a rebound.
10:04 of 2nd period - Mikael Backlund wins face-off versus Jake Guentzel in Panthers zone.
10:19 of 2nd period - Shot by Alexander Wennberg.
10:19 of 2nd period - Stopped by Alexandar Georgiev without a rebound.
10:20 of 2nd period - Mikael Backlund wins face-off versus Evgeny Kuznetsov in Panthers zone.
10:31 of 2nd period - Shot by Oliver Ekman-Larsson.
10:31 of 2nd period - Shot Misses the Net.
10:48 of 2nd period - Icing by Aleksander Barkov.
10:49 of 2nd period - Alexander Wennberg wins face-off versus Aleksander Barkov in Panthers zone.
10:58 of 2nd period - Shot by Alexander Wennberg.
10:58 of 2nd period - Shot Misses the Net.
11:00 of 2nd period - Shot by Jonathan Huberdeau.
11:00 of 2nd period - Goal by Jonathan Huberdeau - Panthers : 1 - MapleLeafs : 2.
11:01 of 2nd period - Roope Hintz wins face-off versus Sean Monahan in neutral zone.
11:01 of 2nd period - Roope Hintz is hit by Conor Sheary.
11:20 of 2nd period - Rasmus Sandin is hit by Owen Power.
11:22 of 2nd period - Shot by Sean Monahan.
11:22 of 2nd period - Stopped by Alexandar Georgiev without a rebound.
11:23 of 2nd period - Alexander Wennberg wins face-off versus Matthew Tkachuk in Panthers zone.
11:23 of 2nd period - Jake Guentzel is hit by Charlie McAvoy and loses puck.
11:30 of 2nd period - Shot by Jonathan Huberdeau.
11:30 of 2nd period - Shot Misses the Net.
11:38 of 2nd period - Icing by Zach Whitecloud.
11:39 of 2nd period - Roope Hintz wins face-off versus Alexander Wennberg in MapleLeafs zone.
11:42 of 2nd period - Shot by Brady Tkachuk.
11:42 of 2nd period - Stopped by Jordan Binnington without a rebound.
11:43 of 2nd period - Aleksander Barkov wins face-off versus Sean Monahan in MapleLeafs zone.
11:43 of 2nd period - Quinn Hughes is hit by Erik Cernak and loses puck.
12:48 of 2nd period - Shot by Roope Hintz.
12:48 of 2nd period - Shot Misses the Net.
12:50 of 2nd period - Shot by Roope Hintz.
12:50 of 2nd period - Goal by Roope Hintz - Panthers : 2 - MapleLeafs : 2.
12:51 of 2nd period - Evgeny Kuznetsov wins face-off versus Mikael Backlund in neutral zone.
12:54 of 2nd period - Oliver Ekman-Larsson is hit by Evgeny Kuznetsov and loses puck.
13:15 of 2nd period - Shot by Anthony Duclair.
13:15 of 2nd period - Deflect By Evgeny Kuznetsov.
13:15 of 2nd period - Shot Misses the Net.
13:21 of 2nd period - Shot by Jamie Benn.
13:21 of 2nd period - Shot Misses the Net.
13:31 of 2nd period - Shot by Mikael Backlund.
13:31 of 2nd period - Stopped by Jordan Binnington without a rebound.
13:32 of 2nd period - Alexander Wennberg wins face-off versus Roope Hintz in MapleLeafs zone.
13:41 of 2nd period - Shot by Jack Hughes.
13:41 of 2nd period - Stopped by Jordan Binnington without a rebound.
13:42 of 2nd period - Noel Acciari wins face-off versus Aleksander Barkov in MapleLeafs zone.
14:03 of 2nd period - Shot by Andrei Svechnikov.
14:03 of 2nd period - Stopped by Jordan Binnington without a rebound.
14:04 of 2nd period - Roope Hintz wins face-off versus Alexander Wennberg in MapleLeafs zone.
14:07 of 2nd period - Shot by Jack Hughes.
14:07 of 2nd period - Goal by Jack Hughes - Panthers : 3 - MapleLeafs : 2.
14:08 of 2nd period - Roope Hintz wins face-off versus Jonathan Huberdeau in neutral zone.
14:17 of 2nd period - Shot by Jack Hughes.
14:17 of 2nd period - Deflect By Roope Hintz.
14:17 of 2nd period - Stopped by Jordan Binnington without a rebound.
14:18 of 2nd period - Evgeny Kuznetsov wins face-off versus Aleksander Barkov in MapleLeafs zone.
15:04 of 2nd period - Minor Penalty to Jake Sanderson for Roughing.
15:05 of 2nd period - Mikael Backlund wins face-off versus Alexander Wennberg in Panthers zone.
15:48 of 2nd period - Jake Guentzel is hit by Michael McLeod and loses puck.
16:53 of 2nd period - Icing by Evgeny Kuznetsov.
16:54 of 2nd period - Mikael Backlund wins face-off versus Evgeny Kuznetsov in MapleLeafs zone.
18:26 of 2nd period - Shot by Jonathan Huberdeau.
18:26 of 2nd period - Shot Blocked by Quinn Hughes.
18:38 of 2nd period - Shot by Brady Tkachuk.
18:38 of 2nd period - Shot Blocked by Rasmus Sandin.
19:01 of 2nd period - Off-side.
19:02 of 2nd period - Evgeny Kuznetsov wins face-off versus Frederick Gaudreau in neutral zone.
19:25 of 2nd period - Shot by Filip Chytil.
19:25 of 2nd period - Shot Misses the Net.
19:45 of 2nd period - Shot by Filip Chytil.
19:45 of 2nd period - Shot Misses the Net.
Goals for this period are 2 for Panthers vs 1 for MapleLeafs.
Shots for this period are 11 for Panthers vs 7 for MapleLeafs.

3rd period


0:01 of 3rd period - Alexander Wennberg wins face-off versus Andrei Svechnikov in neutral zone.
0:01 of 3rd period - Jonathan Huberdeau is hit by Andrei Svechnikov and loses puck.
0:09 of 3rd period - Alexander Wennberg is hit by Charlie McAvoy and loses puck.
0:46 of 3rd period - Shot by Andrei Svechnikov.
0:46 of 3rd period - Shot Misses the Net.
0:53 of 3rd period - Icing by John Marino.
0:54 of 3rd period - Alexander Wennberg wins face-off versus Roope Hintz in MapleLeafs zone.
1:04 of 3rd period - Icing by Owen Power.
1:05 of 3rd period - Roope Hintz wins face-off versus Sean Monahan in Panthers zone.
1:12 of 3rd period - Shot by Jack Hughes.
1:12 of 3rd period - Stopped by Jordan Binnington without a rebound.
1:13 of 3rd period - Sean Monahan wins face-off versus Roope Hintz in MapleLeafs zone.
1:13 of 3rd period - Sean Monahan is hit by Brady Tkachuk.
1:22 of 3rd period - Roope Hintz is hit by Nicolas Hague.
1:34 of 3rd period - Brady Tkachuk is hit by Conor Sheary.
1:38 of 3rd period - Shot by Roope Hintz.
1:38 of 3rd period - Shot Blocked by Zach Whitecloud.
1:54 of 3rd period - Shot by Brady Tkachuk.
1:54 of 3rd period - Stopped by Jordan Binnington without a rebound.
1:55 of 3rd period - Alexander Wennberg wins face-off versus Aleksander Barkov in MapleLeafs zone.
2:08 of 3rd period - Shot by Jake Guentzel.
2:08 of 3rd period - Shot Misses the Net.
2:27 of 3rd period - Shot by Matthew Tkachuk.
2:27 of 3rd period - Stopped by Jordan Binnington without a rebound.
2:28 of 3rd period - Evgeny Kuznetsov wins face-off versus Mikael Backlund in MapleLeafs zone.
2:37 of 3rd period - Shot by Anthony Duclair.
2:37 of 3rd period - Deflect By Evgeny Kuznetsov.
2:37 of 3rd period - Stopped by Alexandar Georgiev without a rebound.
2:38 of 3rd period - Sean Monahan wins face-off versus Roope Hintz in Panthers zone.
3:23 of 3rd period - Shot by Roope Hintz.
3:23 of 3rd period - Stopped by Jordan Binnington without a rebound.
3:24 of 3rd period - Aleksander Barkov wins face-off versus Alexander Wennberg in MapleLeafs zone.
3:49 of 3rd period - Shot by Matthew Tkachuk.
3:49 of 3rd period - Deflect By Aleksander Barkov.
3:49 of 3rd period - Shot Misses the Net.
4:01 of 3rd period - Shot by Jake Guentzel.
4:01 of 3rd period - Stopped by Alexandar Georgiev without a rebound.
4:02 of 3rd period - Evgeny Kuznetsov wins face-off versus Mikael Backlund in Panthers zone.
4:02 of 3rd period - Filip Chytil is hit by Alexandre Carrier and loses puck.
4:13 of 3rd period - Shot by Jamie Benn.
4:13 of 3rd period - Stopped by Jordan Binnington without a rebound.
4:14 of 3rd period - Sean Monahan wins face-off versus Roope Hintz in MapleLeafs zone.
4:23 of 3rd period - Shot by Kasperi Kapanen.
4:23 of 3rd period - Stopped by Alexandar Georgiev without a rebound.
4:24 of 3rd period - Evgeny Kuznetsov wins face-off versus Aleksander Barkov in Panthers zone.
4:59 of 3rd period - Evgeny Kuznetsov is hit by Charlie McAvoy and loses puck.
5:15 of 3rd period - Icing by Charlie McAvoy.
5:16 of 3rd period - Aleksander Barkov wins face-off versus Alexander Wennberg in Panthers zone.
5:43 of 3rd period - Alexander Wennberg is hit by Brady Tkachuk and loses puck.
5:48 of 3rd period - Shot by Roope Hintz.
5:48 of 3rd period - Stopped by Jordan Binnington without a rebound.
5:49 of 3rd period - Conor Sheary wins face-off versus Mikael Backlund in MapleLeafs zone.
5:54 of 3rd period - Mikael Backlund is hit by Sean Monahan and loses puck.
6:06 of 3rd period - Icing by Alexandre Carrier.
6:07 of 3rd period - Mikael Backlund wins face-off versus Noel Acciari in Panthers zone.
7:16 of 3rd period - Icing by Dylan DeMelo.
7:17 of 3rd period - Roope Hintz wins face-off versus Sean Monahan in MapleLeafs zone.
7:17 of 3rd period - Jack Hughes is hit by Erik Cernak.
7:38 of 3rd period - Shot by Roope Hintz.
7:38 of 3rd period - Shot Misses the Net.
7:40 of 3rd period - Shot by Jake Sanderson.
7:40 of 3rd period - Stopped by Jordan Binnington without a rebound.
7:41 of 3rd period - Aleksander Barkov wins face-off versus Jake Guentzel in MapleLeafs zone.
8:17 of 3rd period - Shot by Alexander Wennberg.
8:17 of 3rd period - Shot Misses the Net.
8:19 of 3rd period - Shot by Jonathan Huberdeau.
8:19 of 3rd period - Stopped by Alexandar Georgiev without a rebound.
8:20 of 3rd period - Evgeny Kuznetsov wins face-off versus Roope Hintz in Panthers zone.
8:44 of 3rd period - Shot by Jack Hughes.
8:44 of 3rd period - Goal by Jack Hughes - Panthers : 4 - MapleLeafs : 2.
8:45 of 3rd period - Mikael Backlund wins face-off versus Sean Monahan in neutral zone.
8:50 of 3rd period - Icing by Conor Sheary.
8:51 of 3rd period - Aleksander Barkov wins face-off versus Sean Monahan in MapleLeafs zone.
8:59 of 3rd period - Icing by Sean Monahan.
9:00 of 3rd period - Aleksander Barkov wins face-off versus Sean Monahan in MapleLeafs zone.
9:01 of 3rd period - Shot by Matthew Tkachuk.
9:01 of 3rd period - Shot Misses the Net.
9:08 of 3rd period - Rasmus Sandin is hit by Charlie McAvoy and loses puck.
9:11 of 3rd period - Shot by Sean Monahan.
9:11 of 3rd period - Deflect By Kasperi Kapanen.
9:11 of 3rd period - Shot Misses the Net.
9:13 of 3rd period - Shot by John Marino.
9:13 of 3rd period - Shot Misses the Net.
9:39 of 3rd period - Icing by Charlie McAvoy.
9:40 of 3rd period - Evgeny Kuznetsov wins face-off versus Aleksander Barkov in Panthers zone.
9:47 of 3rd period - Shot by Evgeny Kuznetsov.
9:47 of 3rd period - Stopped by Alexandar Georgiev without a rebound.
9:48 of 3rd period - Alexander Wennberg wins face-off versus Roope Hintz in Panthers zone.
11:02 of 3rd period - Erik Cernak is hit by Charlie McAvoy.
11:05 of 3rd period - Icing by Quinn Hughes.
11:06 of 3rd period - Noel Acciari wins face-off versus Aleksander Barkov in Panthers zone.
11:30 of 3rd period - Sonny Milano is hit by Andrei Svechnikov.
12:21 of 3rd period - Off-side.
12:22 of 3rd period - Frederick Gaudreau wins face-off versus Alexander Wennberg in neutral zone.
12:24 of 3rd period - Owen Power is hit by Jake Guentzel and loses puck.
12:49 of 3rd period - Shot by Jake Guentzel.
12:49 of 3rd period - Stopped by Alexandar Georgiev with a rebound.
12:51 of 3rd period - Shot by Zach Whitecloud.
12:51 of 3rd period - Shot Blocked by Jake Sanderson.
12:53 of 3rd period - Shot by Alexander Wennberg.
12:53 of 3rd period - Stopped by Alexandar Georgiev without a rebound.
12:54 of 3rd period - Evgeny Kuznetsov wins face-off versus Roope Hintz in Panthers zone.
12:55 of 3rd period - Shot by Anthony Duclair.
12:55 of 3rd period - Shot Misses the Net.
13:49 of 3rd period - Charlie McAvoy is hit by Anthony Duclair and loses puck.
14:05 of 3rd period - Andrei Svechnikov is hit by Erik Cernak and loses puck.
15:03 of 3rd period - Shot by Conor Sheary.
15:03 of 3rd period - Deflect By Kasperi Kapanen.
15:03 of 3rd period - Stopped by Alexandar Georgiev without a rebound.
15:04 of 3rd period - Frederick Gaudreau wins face-off versus Alexander Wennberg in Panthers zone.
15:06 of 3rd period - Icing by Oliver Ekman-Larsson.
15:07 of 3rd period - Frederick Gaudreau wins face-off versus Alexander Wennberg in Panthers zone.
15:40 of 3rd period - Minor Penalty to Robby Fabbri for Roughing.
15:41 of 3rd period - Mikael Backlund wins face-off versus Alexander Wennberg in Panthers zone.
16:31 of 3rd period - Icing by Rasmus Sandin.
16:32 of 3rd period - Mikael Backlund wins face-off versus Alexander Wennberg in MapleLeafs zone.
16:49 of 3rd period - Sean Monahan is hit by Michael McLeod and loses puck.
17:20 of 3rd period - Zach Whitecloud is hit by Michael McLeod and loses puck.
17:53 of 3rd period - Shot by Aleksander Barkov.
17:53 of 3rd period - Stopped by Jordan Binnington without a rebound.
17:54 of 3rd period - Roope Hintz wins face-off versus Noel Acciari in MapleLeafs zone.
18:01 of 3rd period - Shot by Brady Tkachuk.
18:01 of 3rd period - Shot Blocked by Erik Cernak.
18:24 of 3rd period - Icing by Dylan DeMelo.
18:25 of 3rd period - Noel Acciari wins face-off versus Matthew Tkachuk in MapleLeafs zone.
18:46 of 3rd period - Sean Monahan is hit by Andrei Svechnikov and loses puck.
19:15 of 3rd period - Shot by Sean Monahan.
19:15 of 3rd period - Shot Misses the Net.
19:39 of 3rd period - Jamie Benn is hit by Jake Guentzel and loses puck.
19:48 of 3rd period - Shot by Emil Bemstrom.
19:48 of 3rd period - Shot Misses the Net.
19:50 of 3rd period - Shot by Jamie Benn.
19:50 of 3rd period - Goal by Jamie Benn - Panthers : 5 - MapleLeafs : 2.
19:51 of 3rd period - Evgeny Kuznetsov wins face-off versus Jack Hughes in neutral zone.
Goals for this period are 2 for Panthers vs 0 for MapleLeafs.
Shots for this period are 10 for Panthers vs 8 for MapleLeafs.